 Dungeon Crawl Stone Soup version 0.25.0-3-gd7cc5688da (webtiles) character file.

Game seed: 11464460879516959025

823 lepoulpe303 the Distorting Demonspawn (level 7, 0/55 HPs)
             Began as a Demonspawn Abyssal Knight on June 16, 2020.
             Was a Believer of Lugonu.
             Slain by an orc warrior
             ... wielding a +0 short sword
              (15 damage)
             ... on level 5 of the Dungeon.
             The game lasted 00:16:39 (5589 turns).

lepoulpe303 the Distorting Demonspawn (DsAK)        Turns: 5589, Time: 00:16:39

Health: 0/55       AC: 11    Str: 14    XL:     7   Next: 63%
Magic:  10/10      EV:  7    Int: 14    God:    Lugonu [**....]
Gold:   176        SH:  0    Dex: 12    Spells: 6/6 levels left

rFire    . . .     SeeInvis .   J - +0 long sword
rCold    + . .     Gourm    .   (no shield)
rNeg     . . .     Faith    .   c - +0 chain mail
rPois    .         Spirit   .   (no helmet)
rElec    .         Reflect  .   (no cloak)
rCorr    .         Harm     .   (no gloves)
MR       .....                  (no boots)
Stlth    ..........             (no amulet)
HPRegen  0.18/turn              j - ring of stealth {Stlth+}
MPRegen  0.12/turn              (no ring)

@: no status effects
A: claws 1, thin metallic scales 1, cold resistance 1, nightstalker 1
a: Depart the Abyss, Bend Space, Renounce Religion


You were on level 5 of the Dungeon.
You worshipped Lugonu.
Lugonu was pleased with you.
You were not hungry.

You visited 1 branch of the dungeon, and saw 5 of its levels.
You visited the Abyss 1 time.
You also visited: Ossuary.

You collected 176 gold pieces.

Inventory:

Hand Weapons
 a - a +1 falchion
 J - a +0 long sword (weapon)
Missiles
 t - 7 datura-tipped darts
 A - 3 poisoned darts
 I - a boomerang (quivered)
Armour
 b - a +0 leather armour
 c - a +0 chain mail (worn)
 h - a +0 scale mail
Jewellery
 j - a ring of stealth (left claw) {Stlth+}
 D - an uncursed ring of fire {rF+, rC-}
Wands
 r - a wand of iceblast (10)
 s - a wand of paralysis (7)
 E - a wand of acid (7)
Scrolls
 f - 3 scrolls of fog
 i - 2 scrolls of identify
 m - 5 scrolls of random uselessness {unknown}
 n - 2 scrolls of enchant weapon {unknown}
 o - 3 scrolls of teleportation {unknown}
 p - 2 scrolls of fear {unknown}
 w - 7 scrolls of remove curse
 y - a scroll of amnesia {unknown}
 z - 2 scrolls of noise {unknown}
 C - 2 scrolls of immolation {unknown}
Potions
 d - 3 potions of lignification {!q}
 g - a potion of ambrosia {unknown}
 k - 3 potions of stabbing
 l - 6 potions of heal wounds
 q - 3 potions of curing
 u - a potion of berserk rage {unknown}
 v - 2 potions of magic {unknown}
 x - 2 potions of brilliance
 B - a potion of invisibility {unknown}
 F - a potion of flight {unknown}
 H - 2 potions of mutation {unknown}
Comestibles
 e - 11 rations
 G - 8 chunks of flesh


   Skills:
 + Level 4.5 Fighting
 * Level 4.9 Long Blades
 + Level 3.5 Armour
 + Level 3.0 Dodging
 + Level 5.2 Invocations


You had 6 spell levels left.
You didn't know any spells.
Your spell library was empty.

Dungeon Overview and Level Annotations

Branches:
Dungeon (5/15)            Ossuary (visited)
 Temple: D:4-7

Altars:
Nemelex Xobeh
Uskayaw


Innate Abilities, Weirdness & Mutations

You have sharp fingernails.
You are partially covered in thin metallic scales. (AC +2)
Your flesh is cold resistant. (rC+)
You are slightly more attuned to the shadows.


Message History

You barely miss the orc warrior.
The orc warrior hits you but does no damage.
You closely miss the orc warrior.
The orc warrior hits you with a +0 short sword.
* * * LOW HITPOINT WARNING * * *
You hit the orc warrior but do no damage.
The orc warrior barely misses you.
You hit the orc warrior. The orc warrior closely misses you.
The orc warrior hits you with a +0 short sword!
* * * LOW HITPOINT WARNING * * *
You take 7 damage, and have 23/55 hp.
You closely miss the orc warrior.
The orc warrior hits you with a +0 short sword!
* * * LOW HITPOINT WARNING * * *
You take 9 damage, and have 14/55 hp.
You closely miss the orc warrior.
The orc warrior hits you but does no damage.
You hit the orc warrior but do no damage.
The orc warrior hits you with a +0 short sword!
You die...

#### ### ... .
.. .. ...##.#.#
...'..o.# #o#
####@# #....#
#)#### ######'##
#.......#
#.......#
#.......#
########.......#
#..............#


You could see an orc warrior and an orc priest.

Levels and vault maps discovered:
D:1:      sevenhm_arrival_forest_fort_large_2, layout_basic
D:2:      layout_loops_ring, lemuel_crystal_altar
D:3:      layout_basic
D:4:      layout_loops_ring, first_ration, nemelex_spade_bored_becter
D:5:      layout_basic, minmay_temple_entry_purple_smoke, enter_ossuary_5,
          uniq_sigmund

Notes
Turn   | Place    | Note
-------+----------+-------------------------------------------
     0 | Abyss:1  | lepoulpe303 the Demonspawn Abyssal Knight began the quest
                  | for the Orb.
     0 | Abyss:1  | Reached XP level 1. HP: 18/18 MP: 2/2
     9 | Abyss:1  | Found a corrupted altar of Lugonu.
    94 | Abyss:1  | Noticed a small abomination
   108 | Abyss:2  | Got a pitted trident
   110 | Abyss:2  | Found a corrupted altar of Lugonu.
   128 | Abyss:2  | Identified a +0 scale mail (You found it on level 2 of the
                  | Abyss)
   151 | D:1      | Escaped the Abyss
   392 | D:1      | Reached skill level 1 in Dodging
   428 | D:1      | Identified a +0 club
   436 | D:1      | Reached skill level 2 in Long Blades
   504 | D:1      | Identified a +1 dagger of electrocution
   516 | D:1      | Reached * piety under Lugonu
   751 | D:1      | Gained mutation: You have sharp fingernails. [demonic
                  | ancestry]
   751 | D:1      | Reached XP level 2. HP: 21/24 MP: 3/3
   779 | D:1      | Identified a +0 club
   916 | D:1      | Reached skill level 2 in Armour
  1202 | D:2      | Found a hide-covered altar of Uskayaw.
  1248 | D:2      | HP: 6/24 [worm (7)]
  1578 | D:2      | Gained mutation: Your flesh is cold resistant. (rC+)
                  | [demonic ancestry]
  1578 | D:2      | Reached XP level 3. HP: 24/29 MP: 5/5
  1591 | D:2      | Reached skill level 3 in Invocations
  1619 | D:2      | Identified a +0 hunting sling
  1635 | D:2      | Identified a +2 dagger of distortion
  1703 | D:2      | Identified a +0 dagger
  1731 | D:2      | Identified a +0 short sword
  1854 | D:2      | Identified a +0 club
  2050 | D:3      | Identified 4 scrolls of remove curse
  2052 | D:3      | Identified a +1 quarterstaff of speed (You found it on
                  | level 3 of the Dungeon)
  2053 | D:3      | Identified a +1 falchion
  2105 | D:3      | Identified a +0 chain mail (You found it on level 3 of the
                  | Dungeon)
  2623 | D:4      | HP: 6/29 [hound (4)]
  2625 | D:4      | HP: 2/29 [hound (3)]
  2626 | D:4      | Identified 4 potions of stabbing
  2627 | D:4      | Identified 2 potions of lignification
  2630 | D:4      | Gained mutation: You are partially covered in thin metallic
                  | scales. (AC +2) [demonic ancestry]
  2630 | D:4      | Reached XP level 4. HP: 4/35 MP: 6/6
  2631 | D:4      | HP: 3/52 [poisoned by an adder]
  2636 | D:4      | Reached ** piety under Lugonu
  2982 | D:4      | Reached skill level 3 in Long Blades
  3019 | D:4      | Reached XP level 5. HP: 40/41 MP: 7/7
  3082 | D:4      | Reached skill level 2 in Dodging
  3231 | D:4      | Identified a +0 dagger
  3231 | D:4      | Identified a +0 robe
  3249 | D:4      | Identified a +0 whip
  3249 | D:4      | Identified a +0 leather armour
  3254 | D:4      | Identified a +0 hand axe
  3254 | D:4      | Identified a +0 scale mail
  3256 | D:4      | Reached skill level 4 in Invocations
  3299 | D:4      | Identified a +0 falchion
  3611 | D:4      | Identified a +1 dagger of pain
  3612 | D:4      | Identified a +0 leather armour
  3615 | D:4      | Identified a +0 flail
  3678 | D:4      | Found a sparkling altar of Nemelex Xobeh.
  3918 | D:4      | Reached XP level 6. HP: 33/48 MP: 9/9
  3988 | D:4      | Identified a +0 mace
  4010 | D:4      | Identified 4 scrolls of fog
  4011 | D:4      | Identified a ring of stealth (You found it on level 3 of
                  | the Dungeon)
  4012 | D:4      | Identified a ring of fire (You found it on level 4 of the
                  | Dungeon)
  4038 | D:5      | Entered Level 5 of the Dungeon
  4231 | D:5      | Identified a +0 short sword
  4251 | D:5      | Reached skill level 4 in Fighting
  4251 | D:5      | Reached skill level 4 in Long Blades
  4251 | D:5      | Reached skill level 3 in Armour
  4272 | D:5      | Found a sand-covered staircase.
  4276 | Ossuary  | Entered an ossuary
  4593 | Ossuary  | Gained mutation: You are slightly more attuned to the
                  | shadows. [demonic ancestry]
  4593 | Ossuary  | Reached XP level 7. HP: 40/54 MP: 10/10
  4959 | Ossuary  | Identified 6 scrolls of identify
  4959 | Ossuary  | Identified 5 potions of heal wounds
  4960 | Ossuary  | Identified 3 potions of curing
  4961 | Ossuary  | Identified 7 potions of degeneration
  4963 | Ossuary  | Identified 2 potions of brilliance
  5090 | D:5      | Reached skill level 5 in Invocations
  5278 | D:5      | Reached skill level 3 in Dodging
  5429 | D:5      | Identified a +0 long sword (You found it on level 5 of the
                  | Dungeon)
  5551 | D:5      | Identified a +0 club
  5579 | D:5      | Identified a +0 whip
  5580 | D:5      | Identified a +0 short sword
  5580 | D:5      | Identified a +0 chain mail
  5589 | D:5      | Slain by an orc warrior

Table legend:
 A = Turns spent in this place as a percentage of turns spent in the entire game.
 B = Non-inter-level travel turns spent in this place as a percentage of non-inter-level travel turns spent in the entire game.
 C = Inter-level travel turns spent in this place as a percentage of turns spent in this place.
 D = Turns resting spent in this place as a percentage of non-inter-level travel turns spent in this place.
 E = Turns spent auto-exploring this place as a percentage of non-inter-level travel turns spent in this place.
 F = Non-inter-level travel turns spent in this place divided by the number of levels of this place that you've seen.
                   A       B       C       D       E      F
               +-------+-------+-------+-------+-------+----------------------
         Total | 100.0 | 100.0 |   3.5 |  33.9 |  43.5 | 674.0
       Dungeon |  84.5 |  83.9 |   4.2 |  31.7 |  49.8 | 905.0
         Abyss |   2.7 |   2.8 |   0.0 |   0.0 |   0.0 |  75.5
       Ossuary |  12.8 |  13.3 |   0.0 |  54.6 |  12.6 | 716.0
               +-------+-------+-------+-------+-------+----------------------

Table legend:
 A = Kills in this place as a percentage of kills in entire the game.
 B = Kills by you in this place as a percentage of kills by you in the entire game.
 C = Kills by friends in this place as a percentage of kills by friends in the entire game.
 D = Other kills in this place as a percentage of other kills in the entire game.
 E = Experience gained in this place as a percentage of experience gained in the entire game.
 F = Experience gained in this place divided by the number of levels of this place that you have seen.
                   A       B       C       D       E      F
               +-------+-------+-------+-------+-------+----------------------
         Total | 100.0 | 100.0 |   N/A |   N/A | 100.0 | 147.0
       Dungeon |  87.6 |  87.6 |   N/A |   N/A |  80.4 | 189.0
       Ossuary |  12.4 |  12.4 |   N/A |   N/A |  19.6 | 231.0
               +-------+-------+-------+-------+-------+----------------------

Skill      XL: |  1  2  3  4  5  6  7 |
---------------+----------------------+-----
Dodging        | 1 2 3 |  3.0
Long Blades    | 2 3 4 |  4.9
Armour         | 2 3 |  3.5
Invocations    | 3 4 5 |  5.2
Fighting       | 4 |  4.5

Action                   |  1- 3 |  4- 6 |  7- 9 || total
-------------------------+-------+-------+-------++-------
Melee: Falchion          |   121 |   195 |   102 ||   418
       Long sword        |       |       |    23 ||    23
Throw: Dart              |    19 |    38 |       ||    57
       Boomerang         |       |     9 |       ||     9
Invok: Depart the Abyss  |     1 |       |       ||     1
  Use: Potion            |     2 |       |       ||     2
       Scroll            |     1 |     1 |     4 ||     6
  Eat: Chunk             |     5 |     7 |       ||    12
       Ration            |       |       |     1 ||     1
Armor: Scale mail        |    40 |       |       ||    40
       Chain mail        |    16 |   106 |    49 ||   171
       Skin              |     4 |     5 |       ||     9
Dodge: Dodged            |    58 |    46 |    40 ||   144
       Rpst.: Falchion   |    21 |    18 |    11 ||    50
       Long sword        |       |       |     2 ||     2

Vanquished Creatures
  An ice beast (D:5)
  A big kobold (D:5)
  A scorpion (D:5)
  A howler monkey (D:4)
  A crimson imp (D:5)
  A centaur zombie (Ossuary)
  An orc priest (D:5)
  4 hounds (D:4)
  3 human zombies (Ossuary)
  An orc wizard (D:4)
  3 worker ants
  3 mummies (Ossuary)
  4 adders (D:4)
  A howler monkey skeleton (D:5)
  An adder skeleton (D:5)
  A worm (D:2)
  A dart slug (D:2)
  5 leopard geckos
  9 orcs
  A ball python (D:2)
  2 bats (D:2)
  3 giant cockroaches
  7 goblins
  7 hobgoblins
  2 jackals (D:5)
  3 quokkas
  3 frilled lizards
  2 goblin zombies (Ossuary)
  A hobgoblin zombie (Ossuary)
  A jackal skeleton (D:4)
  6 kobolds
  A kobold zombie (Ossuary)
  A leopard gecko skeleton (D:4)
  6 rats
89 creatures vanquished.
